 Dungeon Crawl Stone Soup version 0.23-a0-49-gd9f7a49 (webtiles) character file.

539 Mgcat the Covert (level 7, -11/46 HPs)
             Began as a Vampire Enchanter on Aug 7, 2018.
             Mangled by Menkaure (16 damage)
             ... on level 4 of the Dungeon.
             The game lasted 00:12:23 (3734 turns).

Mgcat the Covert (Vampire Enchanter)                Turns: 3734, Time: 00:12:24

Health: -11/46     AC:  4    Str:  7    XL:     7   Next: 5%
Magic:  2/10       EV: 10    Int: 17    God:
Gold:   177        SH:  0    Dex: 17    Spells: 7/10 levels left

rFire    . . .     SeeInvis +   u - +3 short sword (speed)
rCold    + + .     Gourm    .   (no shield)
rNeg     + + +     Faith    .   m - +2 robe {MR+}
rPois    ∞         Spirit   .   (no helmet)
rElec    .         Reflect  .   (no cloak)
rCorr    .         Harm     .   (no gloves)
MR       +....                  (no boots)
Stlth    ++++++++..             j - amulet of inaccuracy (curse)
HPRegen  0.00/turn              q - ring of stealth {Stlth+}
MPRegen  0.12/turn              r - -3 ring of evasion (curse)

@: bloodless, non-regenerating
A: fangs 3, see invisible, unbreathing
a: Bat Form


You were on level 4 of the Dungeon.
You were bloodless.

You visited 1 branch of the dungeon, and saw 4 of its levels.

You collected 177 gold pieces.

Inventory:

Hand Weapons
 o - a +1 dagger of venom
   (You took it off a kobold on level 2 of the Dungeon)
 u - a +3 short sword of speed (weapon)
   (You took it off a kobold on level 3 of the Dungeon)
Armour
 m - a +2 robe of magic resistance (worn)
   (You took it off Sigmund on level 3 of the Dungeon)
Jewellery
 j - a cursed amulet of inaccuracy (around neck)
   (You found it on level 1 of the Dungeon)
 q - a ring of stealth (left hand) {Stlth+}
   (You found it on level 2 of the Dungeon)
 r - a cursed -3 ring of evasion (right hand)
   (You found it on level 4 of the Dungeon)
Wands
 s - a wand of flame (27)
   (You took it off Ijyb on level 3 of the Dungeon)
Scrolls
 b - a scroll of enchant armour
 f - a scroll of fog
 g - a scroll of immolation {!r}
 t - a scroll of identify
Potions
 a - a potion of cancellation {unknown}
 c - 2 potions of resistance
 d - 32 potions of blood {@q1}
 e - 3 potions of curing {unknown}
 h - 2 potions of flight {unknown}
 i - a potion of haste
 k - 2 potions of ambrosia {unknown}
 l - a potion of might {unknown}
 n - a potion of agility {unknown}
 p - a potion of lignification {unknown}


   Skills:
 + Level 1.7 Short Blades
 - Level 2.1 Dodging
 - Level 12.0 Stealth
 - Level 2.0 Spellcasting
 - Level 4.4 Hexes


You had 7 spell levels left.
You knew the following spells:

 Your Spells              Type           Power        Failure   Level  Hunger
a - Corona                Hex            ###....      3%          1    #......
b - Ensorcelled Hibernat  Hex/Ice        #.....       12%         2    ###....

Your spell library contained the following spells:

 Spells                   Type           Power        Failure   Level  Hunger
 Confuse                  Hex            ###.....     10%         3    ###....
 Animate Dead             Necr           N/A          88%         4    #####..
 Pain                     Necr           #...         19%         1    #......
 Animate Skeleton         Necr           N/A          19%         1    #......
 Vampiric Draining        Necr           #.........   50%         3    ###....
 Regeneration             Chrm/Necr      #.........   50%         3    ###....
 Tukima's Dance           Hex            ###.....     10%         3    ###....
 Dazzling Spray           Conj/Hex       #.....       24%         3    ###....


Dungeon Overview and Level Annotations

Branches:
Dungeon (4/15)
 Temple: D:4-7

Altars:
Ashenzari
Fedhas
Vehumet
Xom

Annotations:
D:4 1 transporter, Menkaure; nikopol's ghost, amateur DEFE


Innate Abilities, Weirdness & Mutations

You do not heal naturally.
You are immune to poison.
You have razor-sharp teeth.
You have supernaturally acute eyesight. (SInv)
You can survive without breathing.


Message History

a dagger; a robe Marking area around Menkaure as unsafe for travelling.
Menkaure, Prince of Dust comes into view.
The orc shouts!
The orc priest shouts!
Menkaure shouts!
You hear an angry hiss.
The orc priest hits you with a club.
You hear an angry hiss. x2
You barely miss the orc priest. Your bite misses the orc priest.
You hear an angry hiss. x4
You hear an angry hiss. x2
The orc priest calls down the wrath of Beogh upon you.
Beogh smites you!
Casting: Ensorcelled Hibernation (safe; 12% risk of failure)
Confirm with . or Enter, or press ? or * to list all spells.
Aiming: Ensorcelled Hibernation (safe; 12% risk of failure)
Press: ? - help, Shift-Dir - straight line, f - orc
Aim: an orc (chance to defeat MR: 58%)
The orc resists with significant effort.
The orc priest mumbles some strange prayers to Beogh against you.
Beogh smites you!
* * * LOW HITPOINT WARNING * * *
The orc closely misses you.
You barely miss the orc. The orc hits you but does no damage.
You hear an angry hiss.
Casting: Ensorcelled Hibernation (safe; 12% risk of failure)
Confirm with . or Enter, or press ? or * to list all spells.
Aiming: Ensorcelled Hibernation (safe; 12% risk of failure)
Press: ? - help, Shift-Dir - straight line, f/p - orc
Aim: an orc (chance to defeat MR: 58%)
The orc resists with significant effort.
The orc priest completely misses you. The orc hits you but does no damage.
You hit the orc.
The orc is lightly wounded.
The orc barely misses you. The orc priest hits you with a club.
* * * LOW HITPOINT WARNING * * *
You hear an angry hiss.
Casting: Ensorcelled Hibernation (safe; 12% risk of failure)
Confirm with . or Enter, or press ? or * to list all spells.
Aiming: Ensorcelled Hibernation (safe; 12% risk of failure)
Press: ? - help, Shift-Dir - straight line, f/p - orc
Aim: an orc (lightly wounded, chance to defeat MR: 58%)
The orc looks drowsy...
You hear an angry hiss. x2
The helpless orc fails to defend itself.
You bite the orc, and draw its blood!
You feel better.
You feel slightly less thirsty.
You skewer the orc like a kebab!!!
You kill the orc!
The orc priest barely misses you.
You hear an angry hiss.
Casting: Ensorcelled Hibernation (safe; 12% risk of failure)
Confirm with . or Enter, or press ? or * to list all spells.
Aiming: Ensorcelled Hibernation (safe; 12% risk of failure)
Press: ? - help, Shift-Dir - straight line, f - orc priest
Aim: an orc priest, wielding a club (chance to defeat MR: 40%)
The orc priest looks drowsy...
Menkaure hits you.
* * * LOW HITPOINT WARNING * * *
The helpless orc priest fails to defend itself.
You bite the orc priest, and draw its blood!
You feel better.
You feel slightly less thirsty.
You skewer the orc priest like a kebab!!!
You kill the orc priest!
You have reached level 7!
Casting: Ensorcelled Hibernation (safe; 12% risk of failure)
Confirm with . or Enter, or press ? or * to list all spells.
You don't have enough magic to cast that spell.
Unknown command.
Unknown command.
Things that are here:
a dagger; a robe
Casting: Ensorcelled Hibernation (safe; 12% risk of failure)
Confirm with . or Enter, or press ? or * to list all spells.
You can't see any susceptible monsters within range! (Use Z to cast anyway.) Unknown command.
Unknown command.
Unknown command.
You hear an angry hiss.
Things that are here:
a club; a scale mail You hear an angry hiss. x2
You hear an angry hiss. x2
You barely miss Menkaure.
Okay, then.
Okay, then.
Unknown command.
Casting: Ensorcelled Hibernation (safe; 12% risk of failure)
Confirm with . or Enter, or press ? or * to list all spells.
Aiming: Corona (safe; 3% risk of failure)
Press: ? - help, Shift-Dir - straight line, f - Menkaure
Aim: Menkaure (chance to defeat MR: 53%) Menkaure is outlined in light.
Menkaure misses you.
You closely miss Menkaure. You hit Menkaure.
Menkaure is lightly damaged.
Menkaure hits you!
* * * LOW HITPOINT WARNING * * *
You hit Menkaure.
Menkaure is moderately damaged.
You hit Menkaure. You bite Menkaure, but do no damage.
Menkaure is heavily damaged.
Menkaure hits you!
You die...

,,**,,,,,,#....#..#
,,*,,,,*,,.#...##.#
,,*,,**..#......#.#
,,*©,,*..©..##.W#.#
,**,#,,,..#.....#.#
,*,,..###=$$##.##.#
,**,,*..$$.....#..# *##
,.#**,,#####..##.## ##.######
,,..####.©.####M@####[#.....#
,*#.........)...#......#***,****
***###.##.#.#..#.####### *,,,,*
** #....M.#.#.## ****,* ,*
###....#####* *,* ,* #)####,,,,*
*,* ,**** #..#,,,,,,****** *,*
,**,** ##.##,,,,,,*,,,* ***,*
,,,*,***#†)#,,,,,,*,,,* *,,,*


You could see Menkaure.

Vanquished Creatures
  Sigmund (D:3)
  Eustachio (D:4)
  An orc priest (D:4)
  An orc wizard (D:4)
  Ijyb (D:3)
  7 adders
  2 dart slugs
  5 leopard geckos
  4 orcs
  2 giant cockroaches (D:3)
  12 hobgoblins
  11 jackals
  13 kobolds
  A quokka (D:3)
  7 bats
  4 frilled lizards
  7 goblins
  A jackal skeleton (D:2)
  6 rats
87 creatures vanquished.

Vanquished Creatures (others)
  A plant (D:4)
1 creature vanquished.

Grand Total: 88 creatures vanquished

Notes
Turn   | Place    | Note
-------+----------+-------------------------------------------
     0 | D:1      | Mgcat the Vampire Enchanter began the quest for the Orb.
     0 | D:1      | Reached XP level 1. HP: 13/13 MP: 3/3
   206 | D:1      | Reached skill level 5 in Stealth
   234 | D:1      | Reached XP level 2. HP: 12/19 MP: 5/5
  1125 | D:1      | Learned a level 2 spell: Ensorcelled Hibernation
  1463 | D:2      | Reached skill level 6 in Stealth
  1569 | D:2      | Reached XP level 3. HP: 20/24 MP: 0/6
  1817 | D:2      | Reached skill level 7 in Stealth
  2128 | D:2      | Reached XP level 4. HP: 30/30 MP: 7/7
  2261 | D:2      | Found a faded altar of an unknown god.
  2367 | D:3      | Found a glowing drain.
  2424 | D:3      | Noticed Ijyb
  2448 | D:3      | Killed Ijyb
  2448 | D:3      | Reached skill level 8 in Stealth
  2483 | D:3      | Found a radiant altar of Vehumet.
  2625 | D:3      | Reached skill level 9 in Stealth
  2625 | D:3      | Reached XP level 5. HP: 35/35 MP: 8/8
  3089 | D:3      | Found a blossoming altar of Fedhas.
  3107 | D:3      | Noticed Sigmund
  3125 | D:3      | HP: 5/35 [Sigmund/magic dart (7)]
  3126 | D:3      | Killed Sigmund
  3126 | D:3      | Reached skill level 10 in Stealth
  3126 | D:3      | Reached XP level 6. HP: 6/41 MP: 3/9
  3421 | D:4      | Found a shimmering altar of Xom.
  3432 | D:4      | Noticed Eustachio
  3445 | D:4      | Found a shattered altar of Ashenzari.
  3457 | D:4      | Killed Eustachio
  3457 | D:4      | Reached skill level 11 in Stealth
  3651 | D:4      | Noticed nikopol's ghost (amateur DEFE)
  3674 | D:4      | Found a transporter.
  3694 | D:4      | Reached skill level 12 in Stealth
  3706 | D:4      | Noticed Menkaure
  3712 | D:4      | HP: 9/41 [orc priest/club (3)]
  3716 | D:4      | Reached XP level 7. HP: 20/46 MP: 1/10
  3732 | D:4      | HP: 5/46 [Menkaure (15)]
  3734 | D:4      | Mangled by Menkaure

Vault maps used:
D:1:      minmay_arrival_checkered_box, serial_forest,
          infiniplex_forest_clump_small, infiniplex_forest_corner_1,
          infiniplex_forest_lined_room_3, infiniplex_forest_corner_1,
          infiniplex_forest_clump_double, infiniplex_forest_clump_curved,
          serial_bayou_pond_b
D:2:      chequers_ecumenical_altar_grove
D:3:      lemuel_round_altar, nicolae_overflow_hidden_temple,
          portal_sewer_entry_f, uniq_ijyb, uniq_sigmund
D:4:      grunt_temple_overflow_open, gammafunk_ghost_stat_death,
          minmay_lizard_king, uniq_eustachio, uniq_menkaure

Skill      XL: |  1  2  3  4  5  6 |
---------------+-------------------+-----
Stealth        | 5 6 7 9 10 12 | 12.0
Short Blades   | |  1.7
Dodging        | |  2.1
Spellcasting   | |  2.0
Hexes          | |  4.4

Action                   |  1- 3 |  4- 6 |  7- 9 || total
-------------------------+-------+-------+-------++-------
Melee: Dagger            |   136 |    78 |       ||   214
       Bite              |     9 |     6 |     1 ||    16
       Short sword       |       |    36 |     5 ||    41
 Cast: Ensorcelled Hiber |    15 |    29 |       ||    44
       Corona            |     2 |     1 |     1 ||     4
  Use: Scroll            |     5 |     4 |       ||     9
 Stab: Sleeping          |    16 |    36 |       ||    52
       Distracted        |     1 |       |       ||     1
Armor: Robe              |    25 |    17 |       ||    42
Dodge: Dodged            |    83 |    58 |     1 ||   142

Table legend:
 A = Spawn XP
 B = Non-spawn XP
 C = Spawn XP percentage of total XP
 D = Spawn monster count
 E = Non-spawn monster count
 F = Spawn count percentage of total count
 G = Total turns spent on level
                    A         B        C        D         E        F      G
               +---------+---------+-------+---------+---------+-------+---------
         Total |       0 |     771 |   0.0 |       0 |      87 |   0.0 |  3734
               +---------+---------+-------+---------+---------+-------+---------
           D:1 |       0 |      22 |   0.0 |       0 |      14 |   0.0 |  1180
           D:2 |       0 |      81 |   0.0 |       0 |      27 |   0.0 |  1129
           D:3 |       0 |     374 |   0.0 |       0 |      41 |   0.0 |  1197
           D:4 |       0 |     294 |   0.0 |       0 |       5 |   0.0 |   228
               +---------+---------+-------+---------+---------+-------+---------

Vault maps used:
D:1:      minmay_arrival_checkered_box, serial_forest,
          infiniplex_forest_clump_small, infiniplex_forest_corner_1,
          infiniplex_forest_lined_room_3, infiniplex_forest_corner_1,
          infiniplex_forest_clump_double, infiniplex_forest_clump_curved,
          serial_bayou_pond_b
D:2:      chequers_ecumenical_altar_grove
D:3:      lemuel_round_altar, nicolae_overflow_hidden_temple,
          portal_sewer_entry_f, uniq_ijyb, uniq_sigmund
D:4:      grunt_temple_overflow_open, gammafunk_ghost_stat_death,
          minmay_lizard_king, uniq_eustachio, uniq_menkaure

Table legend:
 A = Turns spent in this place as a percentage of turns spent in the entire game.
 B = Non-inter-level travel turns spent in this place as a percentage of non-inter-level travel turns spent in the entire game.
 C = Inter-level travel turns spent in this place as a percentage of turns spent in this place.
 D = Turns resting spent in this place as a percentage of non-inter-level travel turns spent in this place.
 E = Turns spent auto-exploring this place as a percentage of non-inter-level travel turns spent in this place.
 F = Non-inter-level travel turns spent in this place divided by the number of levels of this place that you've seen.
                   A       B       C       D       E      F
               +-------+-------+-------+-------+-------+----------------------
         Total | 100.0 | 100.0 |   4.5 |   8.4 |  68.1 | 891.2
       Dungeon | 100.0 | 100.0 |   4.5 |   8.4 |  68.1 | 891.2
               +-------+-------+-------+-------+-------+----------------------

Table legend:
 A = Kills in this place as a percentage of kills in entire the game.
 B = Kills by you in this place as a percentage of kills by you in the entire game.
 C = Kills by friends in this place as a percentage of kills by friends in the entire game.
 D = Other kills in this place as a percentage of other kills in the entire game.
 E = Experience gained in this place as a percentage of experience gained in the entire game.
 F = Experience gained in this place divided by the number of levels of this place that you have seen.
                   A       B       C       D       E      F
               +-------+-------+-------+-------+-------+----------------------
         Total | 100.0 | 100.0 |   N/A |   N/A | 100.0 | 192.8
       Dungeon | 100.0 | 100.0 |   N/A |   N/A | 100.0 | 192.8
               +-------+-------+-------+-------+-------+----------------------
